 Dungeon Crawl Stone Soup version 0.23.2-33-g5129a83 (webtiles) character file.

Game seed: 12346704789708113982

262993 Aphrodieselac the Phalangite (level 20, -1/167 HPs)
             Began as a Merfolk Skald on Aug 5, 2019.
             Was the Champion of Okawaru.
             Slain by a sphinx simulacrum (13 damage)
             ... led by a necromancer
             ... on level 1 of the Vaults on Aug 6, 2019.
             The game lasted 05:36:55 (54612 turns).

Aphrodieselac the Phalangite (Merfolk Skald)       Turns: 54612, Time: 05:36:57

Health: -1/167     AC: 14    Str: 13    XL:     20   Next: 0%
Magic:  34/37      EV: 25    Int: 19    God:    Okawaru [******]
Gold:   2922       SH:  0    Dex: 14    Spells: 6/23 levels left

rFire    + + +     SeeInvis +   u - +7 bardiche of Qazlal's Wrath {chaos, rPois MR- Stlth+}
rCold    + . .     Gourm    .   (shield currently unavailable)
rNeg     . . .     Faith    .   k - +2 ring mail {MR+}
rPois    +         Spirit   .   (no helmet)
rElec    +         Reflect  .   I - +0 cloak
rCorr    .         Harm     .   e - +2 pair of gloves of the Gusle {rElec rF+ SInv}
MR       ++...                  W - +2 pair of boots of Midwinter {rElec}
Stlth    +.........             i - amulet of the acrobat
HPRegen  0.37/turn              A - ring of protection from magic
MPRegen  0.25/turn              M - ring "Qemanaw" {rF++ rC+ MP+9 EV+3 Stlth-}

@: marked, very slightly contaminated
A: change form in water, swift swim, stealthy swim
}: 2/15 runes: decaying, serpentine
a: Heroism, Finesse, Renounce Religion


You were on level 1 of the Vaults.
You worshipped Okawaru.
Okawaru was exalted by your worship.
You were hungry.

You visited 8 branches of the dungeon, and saw 34 of its levels.
You also visited: Ice Cave.

You collected 3216 gold pieces.
You spent 294 gold pieces at shops.

Inventory:

Hand Weapons
 c - a +1 demon trident of venom
 u - the +7 bardiche of Qazlal's Wrath (weapon) {chaos, rPois MR- Stlth+}
   (You found it on level 6 of the Lair of Beasts)

   Each time it hits an enemy it has a different, random effect.
   It protects you from poison.
   It affects your resistance to hostile enchantments.
   It makes you more stealthy.
 F - a +0 blowgun
 P - a +2 glaive of flaming
Missiles
 G - 20 curare-tipped needles
 Z - 16 javelins (quivered)
Armour
 e - the +2 pair of gloves of the Gusle (worn) {rElec rF+ SInv}
   (You found it on level 4 of the Lair of Beasts)

   It protects you from fire.
   It insulates you from electricity.
   It lets you see invisible.
 j - the +1 helmet of Insurance {rElec rC+ Int+2}
   (You acquired it on level 1 of the Lair of Beasts)

   It affects your intelligence (+2).
   It protects you from cold.
   It insulates you from electricity.
 k - a +2 ring mail of magic resistance (worn)
 v - a +2 hat of magic resistance
 I - a +0 cloak (worn)
 W - the +2 pair of boots of Midwinter (worn) {rElec}
   (You found it on level 6 of the Lair of Beasts)

   It insulates you from electricity.
 Y - the +1 acid dragon scales "Rawnywn" {rF+ rCorr Str+2 Slay+2}
   (Okawaru gifted it to you on level 2 of the Snake Pit)

   It affects your strength (+2).
   It affects your accuracy and damage with ranged weapons and melee attacks
   (+2).
   It protects you from fire.
   It provides partial protection from all sources of acid and corrosion.
Jewellery
 i - an amulet of the acrobat (around neck)
 A - a ring of protection from magic (left hand)
 M - the ring "Qemanaw" (right hand) {rF++ rC+ MP+9 EV+3 Stlth-}
   (You acquired it on level 1 of the Lair of Beasts)

   [ring of evasion]

   It affects your evasion (+3).
   It greatly protects you from fire.
   It protects you from cold.
   It affects your magic capacity (+9).
   It makes you less stealthy.
 X - a +4 ring of protection
Wands
 r - a wand of disintegration (44)
 x - a wand of random effects (33)
 y - a wand of paralysis (32)
 z - a wand of digging (5)
 E - a wand of flame (48)
 R - a wand of polymorph (15)
 S - a wand of enslavement (8)
Scrolls
 a - 2 scrolls of torment
 b - 4 scrolls of fog
 f - 10 scrolls of teleportation
 o - 10 scrolls of identify
 t - 2 scrolls of silence
 w - 5 scrolls of fear
 D - 4 scrolls of blinking
 J - 3 scrolls of holy word
 K - 15 scrolls of remove curse
 L - 3 scrolls of enchant weapon
 O - 3 scrolls of magic mapping
 T - 3 scrolls of vulnerability
 V - 2 scrolls of summoning
Potions
 g - 6 potions of lignification
 h - 5 potions of agility
 l - 5 potions of heal wounds
 m - 10 potions of curing
 n - 3 potions of might
 p - 6 potions of flight
 q - 3 potions of cancellation
 s - 3 potions of berserk rage
 B - 2 potions of magic
 C - 4 potions of haste
 H - a potion of brilliance
 N - 2 potions of invisibility
 Q - 3 potions of resistance
Comestibles
 d - 34 rations
 U - 4 chunks of flesh


   Skills:
 + Level 16.8 Fighting
 - Level 26.0 Polearms
 - Level 0.6 Armour
 + Level 19.4 Dodging
 - Level 2.0 Spellcasting
 - Level 7.0 Hexes
 + Level 13.0 Charms
 - Level 7.0 Invocations
 - Level 11.4 Evocations


You had 6 spell levels left.
You knew the following spells:

 Your Spells              Type           Power        Failure   Level  Hunger
a - Infusion              Chrm           ####         1%          1    #......
b - Song of Slaying       Chrm           ######..     1%          2    ###....
c - Shroud of Golubria    Chrm/Tloc      ####......   3%          2    ###....
d - Spectral Weapon       Hex/Chrm       #####...     1%          3    ###....
e - Confuse               Hex            ####....     6%          3    ###....
f - Tukima's Dance        Hex            ####....     6%          3    ###....
g - Regeneration          Chrm/Necr      ####......   8%          3    ###....

Your spell library contained the following spells:

 Spells                   Type           Power        Failure   Level  Hunger
 Confusing Touch          Hex            ####..       1%          1    #......
 Corona                   Hex            ####...      1%          1    #......
 Inner Flame              Hex/Fire       ###.....     26%         3    ###....
 Summon Guardian Golem    Hex/Summ       ###.....     26%         3    ###....
 Animate Skeleton         Necr           N/A          34%         1    #......
 Apportation              Tloc           #.....       34%         1    #......
 Beastly Appendage        Tmut           #.....       34%         1    #......
 Sandblast                Erth           #.....       34%         1    #......
 Shock                    Conj/Air       #...         34%         1    #......
 Summon Butterflies       Summ           #.......     34%         1    #......
 Summon Small Mammal      Summ           #...         34%         1    #......
 Passwall                 Tmut/Erth      #.......     47%         2    ###....
 Sticks to Snakes         Tmut           #.......     47%         2    ###....
 Iskenderun's Battlesphe  Conj/Chrm      ####....     56%         5    ######.
 Gell's Gravitas          Tloc           #.........   71%         3    ###....
 Lesser Beckoning         Tloc           #.........   71%         3    ###....
 Spider Form              Tmut/Pois      #.........   71%         3    ###....
 Stone Arrow              Conj/Erth      #.....       71%         3    ###....
 Metabolic Englaciation   Hex/Ice        ###.......   93%         5    ######.
 Silence                  Hex/Air        ###.......   93%         5    ######.
 Yara's Violent Unravell  Hex/Tmut       ###.......   93%         5    ######.
 Invisibility             Hex            ####....     96%         6    #######
 Ice Form                 Ice/Tmut       #.......     98%         4    #####..
 Petrify                  Tmut/Erth      #.......     98%         4    #####..
 Summon Lightning Spire   Summ/Air       #.......     98%         4    #####..
 Alistair's Intoxication  Tmut/Pois      #.......     100%        5    ######.
 Blade Hands              Tmut           #.........   100%        5    ######.
 Lee's Rapid Deconstruct  Erth           #.........   100%        5    ######.
 Bolt of Fire             Conj/Fire      #.........   100%        6    #######
 Hydra Form               Tmut           #.........   100%        6    #######


Dungeon Overview and Level Annotations

Branches:
Dungeon (15/15)            Temple (1/1) D:6            Lair (6/6) D:9
  Swamp (4/4) Lair:3        Snake (4/4) Lair:2        Slime (0/5) Lair:5
    Orc (2/2) D:11            Elf (1/3) Orc:2        Vaults (1/5) D:13
 Depths (0/5) D:15

Altars:
Ashenzari
Cheibriados
Dithmenos
Elyvilon
Fedhas
Gozag
Hepliaklqana
Kikubaaqudgha
Makhleb
Nemelex Xobeh
Okawaru
Qazlal
Ru
Sif Muna
Uskayaw
Vehumet
Wu Jian
Xom
Yredelemnul
Zin
The Shining One

Shops:
D:9 :   Orc:2 !**?*

Portals:
Trove: D:11 (give +4 storm dragon scales)

Annotations:
D:7 4 runed translucent doors
Lair:5 exclusion: 4 oklob plants
Snake:1 2 runed translucent doors, Everfinderer's ghost, journeyman TrMo
Snake:2 2 transporters, SapereAude's ghost, journeyman SpEn


Message History

The sphinx simulacrum hits you.
* * * LOW HITPOINT WARNING * * *
The sphinx simulacrum freezes you!! You resist.
* * * LOW HITPOINT WARNING * * *
You slice the yaktaur!!
You kill the yaktaur!
Okawaru accepts your kill.
A wraith comes into view.
You barely miss the wraith. The yaktaur completely misses you.
The wraith completely misses you.
The sphinx simulacrum hits you but does no damage.
The sphinx simulacrum completely misses you.
The sphinx simulacrum barely misses you.
You slice the wraith!!
The wraith is severely damaged.
The yaktaur completely misses you. The wraith misses you.
The sphinx simulacrum hits you!
* * * LOW HITPOINT WARNING * * *
The sphinx simulacrum freezes you! You resist.
You die...

#......## ##.(## ##..........
#.....Z(## #.(# ##...........
#......sc# #..# #............
#......cc# #)#####...........
#.......(###.#.###.(.........
#.......(##....^##...........
######...#.......c...........
#...##....W##..#########
#.).#....cZ@#..#
#...##(...c##.c#
#..)###.#.###cc'
#..)#########..##
#...)..........# #.
#..............###'# ####
#..............'... #...
#..............#.. #...
#..............#'########...


You could see 2 yaktaurs, a wraith and a sphinx simulacrum.

Vanquished Creatures
  Saint Roka (Snake:2)
  4 thorn hunters
  5 nagarajas (Snake:4)
  Louise (Swamp:4)
  2 vault wardens (Vaults:1)
  2 ironheart preservers (Vaults:1)
  A reaper (IceCv)
  A very ugly thing (Vaults:1)
  A deep elf demonologist (Vaults:1)
  2 deep elf annihilators
  Snorg (D:14)
  Josephine (D:12)
  3 fire dragons (Swamp:4)
  A yaktaur captain (Vaults:1)
  5 ogre magi
  Fannar (Lair:2)
  3 ghost crabs
  23 naga warriors
  A rakshasa (Vaults:1)
  An ice dragon (Vaults:1)
  5 centaur warriors
  A vault guard (Vaults:1)
  26 hydras
  3 shambling mangroves
  11 alligators
  12 anacondas
  15 two-headed ogres
  2 dancing weapons (D:12)
  The ghost of hummelmike the Cleaver, a novice MiFi of Okawaru (D:9)
  2 catoblepae
  2 tengu warriors
  7 death yaks
  An orc high priest (Orc:1)
  7 shock serpents
  8 naga sharpshooters
  Sonja (Lair:2)
  A fire crab (Swamp:4)
  A storm dragon skeleton (Vaults:1)
  2 deep elf knights (Vaults:1)
  2 salamander mystics (Snake:1)
  18 swamp dragons
  An unseen horror (D:14)
  4 deep trolls (Vaults:1)
  A spriggan druid (Swamp:3)
  A swamp dragon (shapeshifter) (Vaults:1)
  6 naga ritualists
  5 deep elf archers
  Pikel (D:3)
  A necromancer (Vaults:1)
  A wolf spider zombie (D:14)
  10 orc knights
  2 lindwurms
  6 ugly things
  A human zombie (Vaults:1)
  An ironbrand convoker (Vaults:1)
  An orc sorcerer (D:15)
  9 deep elf magi
  8 mana vipers
  6 cyclopes
  A wolf spider (Vaults:1)
  13 salamanders
  3 manticores
  2 centaur zombies (D:12)
  4 vault sentinels (Vaults:1)
  11 elephants
  49 black mambas
  3 guardian serpents
  Joseph (D:10)
  A gargoyle (D:14)
  2 ice statues (IceCv)
  2 torpor snails
  31 naga magi
  19 spiny frogs
  5 rime drakes
  12 komodo dragons
  9 yaktaurs (Vaults:1)
  2 yaktaurs (shapeshifter)
  8 ice devils (IceCv)
  10 trolls
  A tengu conjurer (D:13)
  4 polar bears
  3 meliai (D:15)
  A polar bear (shapeshifter) (D:14)
  3 hornets
  17 blink frogs
  13 dream sheep
  8 tyrant leeches
  30 slime creatures
  2 bog bodies
  9 hippogriffs
  A slime creature (shapeshifter) (Vaults:1)
  2 spriggans (Swamp:3)
  A shadow (Swamp:2)
  3 wyverns
  53 yaks
  3 hungry ghosts
  8 wraiths
  2 basilisks
  24 vampire mosquitoes
  2 steam dragons (Swamp:4)
  22 insubstantial wisps
  56 nagas
  7 wargs
  2 soldier ants
  19 swamp worms
  15 water moccasins
  5 porcupines
  35 orc warriors
  15 swamp drakes
  4 slaves (D:3)
  3 ice beasts
  7 sky beasts
  A meliai simulacrum (D:9)
  2 phantoms
  2 necrophages
  21 wolves
  15 centaurs
  A centaur (shapeshifter) (Vaults:1)
  30 ogres
  10 crocodiles
  4 big kobolds
  A gnoll sergeant (D:10)
  2 water moccasin zombies (D:7)
  15 bullfrogs
  A human skeleton (Vaults:1)
  A hornet simulacrum (D:9)
  4 scorpions
  4 wights (D:14)
  3 killer bees (D:8)
  A spectral centaur (D:9)
  3 howler monkeys (D:9)
  An electric eel (Snake:2)
  6 crimson imps
  A wyvern simulacrum (D:9)
  5 jellies
  2 lava snakes (Swamp:4)
  2 bullfrog zombies (D:9)
  5 hounds
  A bullfrog skeleton (D:6)
  12 orc priests
  15 orc wizards
  4 centaur skeletons
  5 iguanas
  7 worker ants
  6 hell rats (Lair:6)
  2 hound zombies
  A hound skeleton (D:7)
  Robin (D:2)
  6 gnolls
  18 adders
  4 shadow imps
  8 white imps (IceCv)
  7 ufetubi (IceCv)
  An ooze (D:1)
  An adder zombie (D:7)
  4 worms
  3 dart slugs (D:1)
  2 leopard geckos
  91 orcs
  A ball python (D:2)
  7 giant cockroaches
  17 goblins
  5 hobgoblins (D:1)
  6 jackals
  10 quokkas
  10 bats
  4 frilled lizards
  A jackal skeleton (D:5)
  20 kobolds
  2 quokka skeletons
  6 rats
  4 briar patches
  A plant (Lair:2)
1257 creatures vanquished.

Vanquished Creatures (others)
  A swamp dragon (Swamp:2)
  A lindwurm (Swamp:4)
  A centaur zombie (D:13)
  A black mamba (Snake:2)
  A slime creature (Swamp:1)
  2 steam dragons (Swamp:4)
  2 swamp drakes (Swamp:4)
  An ogre (Orc:2)
  An orc wizard (D:3)
  4 white imps (IceCv)
  2 ufetubi (IceCv)
  A briar patch (Swamp:2)
  A bush (Lair:3)
  8 fungi
  3 plants (Orc:2)
  16 spectral weapons
  3 toadstools (Swamp:1)
49 creatures vanquished.

Grand Total: 1306 creatures vanquished

Notes
Turn   | Place    | Note
-------+----------+-------------------------------------------
     0 | D:1      | Aphrodieselac the Merfolk Skald began the quest for the
                  | Orb.
     0 | D:1      | Reached XP level 1. HP: 16/16 MP: 3/3
    65 | D:1      | Reached XP level 2. HP: 7/22 MP: 0/5
    70 | D:1      | Learned a level 2 spell: Song of Slaying
    73 | D:1      | Learned a level 2 spell: Shroud of Golubria
   638 | D:1      | Reached XP level 3. HP: 22/27 MP: 1/6
  1070 | D:2      | Reached skill level 5 in Charms
  1271 | D:2      | Reached XP level 4. HP: 33/33 MP: 4/7
  1273 | D:2      | Noticed Robin
  1282 | D:2      | Killed Robin
  1567 | D:2      | Noticed an orc warrior
  2227 | D:2      | Reached XP level 5. HP: 24/38 MP: 4/8
  2647 | D:3      | Learned a level 3 spell: Spectral Weapon
  2722 | D:3      | Reached XP level 6. HP: 32/44 MP: 1/9
  3158 | D:3      | Found a blossoming altar of Fedhas.
  4265 | D:3      | Killed an orc warrior
  4749 | D:4      | Found a sparkling altar of Nemelex Xobeh.
  4925 | D:5      | Entered Level 5 of the Dungeon
  4932 | D:5      | Reached XP level 7. HP: 35/50 MP: 4/10
  4939 | D:5      | Found a stormy altar of Qazlal.
  5389 | D:4      | Reached skill level 4 in Polearms
  5550 | D:4      | Noticed Pikel
  5568 | D:4      | Paralysed by Pikel for 7 turns
  5581 | D:4      | Paralysed by Pikel for 2 turns
  5834 | D:3      | Paralysed by Pikel for 7 turns
  6224 | D:5      | Reached skill level 5 in Polearms
  6233 | D:5      | Reached skill level 6 in Polearms
  6905 | D:3      | Paralysed by Pikel for 4 turns
  7503 | D:5      | Reached XP level 8. HP: 52/55 MP: 11/11
  7609 | D:5      | Reached skill level 7 in Polearms
  7836 | D:5      | Reached skill level 8 in Polearms
  8629 | D:6      | Found a staircase to the Ecumenical Temple.
  8636 | Temple   | Entered the Ecumenical Temple
  8662 | Temple   | Became a worshipper of Warmaster Okawaru
  8790 | D:6      | Reached skill level 9 in Polearms
  9448 | D:6      | Reached skill level 10 in Polearms
  9849 | D:7      | Noticed a hippogriff
 10036 | D:7      | Reached XP level 9. HP: 60/60 MP: 12/12
 10047 | D:7      | Reached * piety under Okawaru
 10058 | D:7      | Reached skill level 10 in Charms
 10227 | D:7      | Reached skill level 11 in Polearms
 10894 | D:6      | Reached skill level 12 in Polearms
 11021 | D:7      | Reached ** piety under Okawaru
 11021 | D:7      | Reached skill level 13 in Polearms
 11932 | D:8      | Reached skill level 14 in Polearms
 12358 | D:7      | Found a huge runed translucent gate.
 12358 | D:7      | Noticed a polar bear
 12366 | D:7      | Found a huge runed translucent gate.
 12366 | D:7      | Noticed a polar bear
 12367 | D:7      | Noticed a polar bear
 12370 | D:7      | Noticed a polar bear
 12373 | D:7      | Reached XP level 10. HP: 39/66 MP: 6/13
 12374 | D:7      | Found a huge runed translucent gate.
 12375 | D:7      | Found a huge runed translucent gate.
 12399 | D:7      | Found a hazy altar of Hepliaklqana.
 12451 | D:7      | Reached *** piety under Okawaru
 12485 | D:7      | Identified the Grimoire of the Torrid Birds
 12997 | D:8      | Reached skill level 15 in Polearms
 13817 | D:8      | Found a blossoming altar of Fedhas.
 14551 | D:9      | Identified the Disquisition on Captivating Arcane Weapons
 14896 | D:9      | Reached skill level 5 in Dodging
 14961 | D:9      | Found a runed translucent gate.
 14965 | D:9      | Found a runed translucent gate.
 14966 | D:9      | Found a runed translucent gate.
 14966 | D:9      | Noticed hummelmike's ghost (novice MiFi)
 15109 | D:9      | Found a staircase to the Lair.
 15118 | Lair:1   | Entered Level 1 of the Lair of Beasts
 15130 | Lair:1   | Reached **** piety under Okawaru
 15495 | D:9      | Reached skill level 16 in Polearms
 15749 | D:9      | Found Liczoenu's Book Shoppe.
 15846 | D:10     | Entered Level 10 of the Dungeon
 16210 | D:9      | Reached skill level 5 in Fighting
 16351 | D:10     | Found a radiant altar of Vehumet.
 16553 | D:10     | Noticed Joseph
 16716 | D:9      | Reached XP level 11. HP: 63/80 MP: 8/14
 16946 | D:10     | Killed Joseph
 17467 | D:10     | Reached ***** piety under Okawaru
 18247 | D:11     | Noticed a brown ugly thing
 18705 | D:11     | Found a staircase to the Orcish Mines.
 18841 | D:11     | Received a gift from Okawaru
 18929 | D:11     | Found a portal to a secret trove of treasure.
 19253 | Lair:1   | Got a twisted ring mail
 19284 | Lair:1   | Identified the +1 ring mail of Forking Paths {Dex+4} (You
                  | found it on level 1 of the Lair of Beasts)
 19303 | Lair:1   | Identified a scroll of acquirement
 19304 | Lair:1   | Got a vibrating brass ring
 19306 | Lair:1   | Identified the ring "Qemanaw" {rF++ rC+ MP+9 EV+3 Stlth-}
                  | (You acquired it on level 1 of the Lair of Beasts)
 19398 | Lair:1   | Identified the Almanac of Changing and Enchantment
 19771 | Lair:2   | Noticed Fannar
 19806 | Lair:2   | Reached skill level 17 in Polearms
 19921 | Lair:2   | Found a transporter.
 19948 | Lair:2   | Killed Fannar
 20008 | Lair:2   | Reached XP level 12. HP: 82/90 MP: 15/15
 20013 | Lair:2   | Reached skill level 18 in Polearms
 20118 | Lair:2   | Noticed a seven-headed hydra
 20149 | Lair:2   | Killed a two-headed hydra
 20240 | Lair:1   | Reached ****** piety under Okawaru
 20533 | Lair:2   | Found a transporter.
 20799 | Lair:2   | Reached skill level 19 in Polearms
 20818 | Lair:2   | Found a staircase to the Snake Pit.
 20920 | Lair:2   | Received a gift from Okawaru
 20999 | Lair:2   | Noticed Sonja
 21079 | Lair:2   | Killed Sonja
 21921 | Lair:3   | Found a staircase to the Swamp.
 22026 | Lair:3   | Reached skill level 20 in Polearms
 22175 | Lair:3   | Received a gift from Okawaru
 22256 | Lair:3   | Noticed a seven-headed hydra
 22278 | Lair:3   | Killed a one-headed hydra
 22453 | Lair:3   | Reached skill level 10 in Dodging
 22803 | Lair:4   | Reached XP level 13. HP: 96/98 MP: 16/16
 23099 | Lair:4   | Got a pair of heavily runed gloves
 23114 | Lair:4   | Identified the +2 pair of gloves of the Gusle {rElec rF+
                  | SInv} (You found it on level 4 of the Lair of Beasts)
 24681 | Lair:4   | Reached skill level 10 in Fighting
 24968 | Lair:5   | Found a staircase to the Slime Pits.
 25242 | Lair:5   | Received a gift from Okawaru
 25551 | Lair:6   | Entered Level 6 of the Lair of Beasts
 25667 | Lair:6   | Reached skill level 1 in Hexes
 26057 | Lair:6   | Got a warped bardiche
 26065 | Lair:6   | Identified the +7 bardiche of Qazlal's Wrath {chaos, rPois
                  | MR- Stlth+} (You found it on level 6 of the Lair of Beasts)
 26193 | Lair:5   | Received a gift from Okawaru
 26197 | Lair:5   | Reached XP level 14. HP: 63/112 MP: 17/17
 26198 | Lair:5   | Got an encrusted glaive {god gift}
 26199 | Lair:5   | Identified the +1 glaive of Responsibility {drain, *Rage
                  | +Inv Str+4 Int+3} (Okawaru gifted it to you on level 5 of
                  | the Lair of Beasts)
 26936 | Lair:6   | Reached skill level 5 in Hexes
 27147 | Lair:6   | Received a gift from Okawaru
 27188 | Lair:6   | Got a pair of slimy boots
 27200 | Lair:6   | Identified the +2 pair of boots of Midwinter {rElec} (You
                  | found it on level 6 of the Lair of Beasts)
 27613 | Lair:6   | Learned a level 3 spell: Confuse
 28344 | D:3      | Killed Pikel
 28541 | D:9      | Killed hummelmike's ghost
 28646 | D:12     | Reached skill level 1 in Evocations
 28651 | D:12     | Noticed Josephine
 28671 | D:12     | Killed Josephine
 29265 | D:12     | Received a gift from Okawaru
 30172 | D:13     | Reached skill level 21 in Polearms
 30320 | D:13     | Reached XP level 15. HP: 119/119 MP: 18/18
 30442 | D:13     | Found a gate to the Vaults.
 30649 | D:14     | Learned a level 3 spell: Tukima's Dance
 30770 | D:14     | Noticed Snorg
 30778 | D:14     | Killed Snorg
 30815 | D:14     | Reached skill level 1 in Invocations
 30953 | D:14     | Received a gift from Okawaru
 31427 | D:15     | Entered Level 15 of the Dungeon
 31760 | Lair:1   | Got a twisted helmet
 31771 | Lair:1   | Identified the +1 helmet of Insurance {rElec rC+ Int+2}
                  | (You acquired it on level 1 of the Lair of Beasts)
 31857 | Orc:1    | Entered Level 1 of the Orcish Mines
 32149 | Orc:2    | Entered Level 2 of the Orcish Mines
 32166 | Orc:2    | Reached skill level 5 in Evocations
 32200 | Orc:2    | Found a frozen archway.
 32212 | IceCv    | Entered an ice cave
 33067 | Orc:2    | Found a staircase to the Elven Halls.
 33144 | Orc:2    | Received a gift from Okawaru
 33144 | Orc:2    | Reached skill level 22 in Polearms
 33627 | Orc:2    | Found Upsiuf's Distillery.
 33627 | Orc:2    | Found Unakhlal's General Store.
 33628 | Orc:2    | Found Ytta's General Store.
 33628 | Orc:2    | Found Nyc Zaam's Magic Scroll Shoppe.
 33661 | Orc:2    | Reached skill level 5 in Invocations
 33809 | Orc:2    | Found Xorecur's Assorted Antiques.
 35183 | Elf:1    | Entered Level 1 of the Elven Halls
 35192 | Elf:1    | Reached XP level 16. HP: 126/126 MP: 21/21
 35761 | D:15     | Found a staircase to the Depths.
 35771 | D:15     | Received a gift from Okawaru
 35776 | D:15     | Reached skill level 23 in Polearms
 36690 | Swamp:1  | Entered Level 1 of the Swamp
 37113 | Swamp:1  | Noticed a thorn hunter
 37123 | Swamp:1  | Killed a thorn hunter
 37248 | Swamp:1  | Noticed a thorn hunter
 37319 | Swamp:1  | HP: 6/127 [four-headed hydra (6)]
 37376 | Swamp:1  | HP: 6/127 [one-headed hydra (5)]
 38194 | Swamp:1  | Killed a thorn hunter
 38194 | Swamp:1  | Reached skill level 24 in Polearms
 38821 | Swamp:2  | Noticed a thorn hunter
 38839 | Swamp:2  | Killed a thorn hunter
 38839 | Swamp:2  | Received a gift from Okawaru
 38873 | Swamp:2  | Learned a level 3 spell: Regeneration
 39047 | Swamp:2  | Found an ornate altar of the Wu Jian Council.
 39850 | Swamp:3  | Reached XP level 17. HP: 115/133 MP: 24/24
 40095 | Swamp:3  | Received a gift from Okawaru
 40096 | Swamp:3  | Got an ichor-stained robe {god gift}
 40154 | Swamp:3  | Reached skill level 25 in Polearms
 40492 | Swamp:3  | Found the +2 pair of boots of the Assassin {Detection Stab+
                  | Stlth++}
 40795 | Swamp:4  | Entered Level 4 of the Swamp
 40870 | Swamp:4  | Reached skill level 10 in Evocations
 41859 | Swamp:4  | Got a decaying rune of Zot
 41945 | Swamp:4  | Reached skill level 26 in Polearms
 42007 | Swamp:4  | Noticed Louise
 42027 | Swamp:4  | Killed Louise
 42027 | Swamp:4  | Received a gift from Okawaru
 43333 | Lair:2   | Identified the +1 robe "Dujewk" {+Fly Regen+ Str+3 Int-3}
                  | (Okawaru gifted it to you on level 3 of the Swamp)
 43609 | Snake:1  | Entered Level 1 of the Snake Pit
 44485 | Snake:1  | Found a large runed translucent door.
 44485 | Snake:1  | Found a large runed translucent door.
 44486 | Snake:1  | Noticed Everfinderer's ghost (journeyman TrMo)
 44573 | Snake:1  | Reached XP level 18. HP: 142/142 MP: 23/26
 44608 | Snake:1  | Reached skill level 15 in Dodging
 44926 | Snake:1  | Found a shimmering altar of Xom.
 45343 | Snake:1  | HP: 7/143 [salamander mystic/+0 quarterstaff (5)]
 45691 | Snake:1  | Received a gift from Okawaru
 46153 | Snake:2  | Found a transporter.
 46155 | Snake:2  | Noticed SapereAude's ghost (journeyman SpEn)
 46156 | Snake:2  | Found a transporter.
 46643 | Snake:2  | Received a gift from Okawaru
 46682 | Snake:2  | Got brightly glowing acid dragon scales {god gift}
 47030 | Snake:2  | Identified the +1 acid dragon scales "Rawnywn" {rF+ rCorr
                  | Str+2 Slay+2} (Okawaru gifted it to you on level 2 of the
                  | Snake Pit)
 47137 | Snake:2  | Noticed Saint Roka
 47167 | Snake:2  | Killed Saint Roka
 48000 | Snake:3  | Found a hide-covered altar of Uskayaw.
 48862 | Snake:4  | Entered Level 4 of the Snake Pit
 49037 | Snake:4  | Reached skill level 15 in Fighting
 49189 | Snake:4  | Reached XP level 19. HP: 155/155 MP: 27/27
 49889 | Snake:4  | Received a gift from Okawaru
 50964 | Snake:4  | Got a serpentine rune of Zot
 51570 | Orc:2    | Bought a +2 ring mail of magic resistance for 294 gold
                  | pieces
 51930 | Vaults:1 | Entered Level 1 of the Vaults
 52872 | Vaults:1 | Received a gift from Okawaru
 54600 | Vaults:1 | Reached XP level 20. HP: 69/167 MP: 28/28
 54612 | Vaults:1 | Slain by a sphinx simulacrum

Skill      XL: |  1  2  3  4  5  6  7  8  9 10 11 12 13 14 15 16 17 18 19 |
---------------+----------------------------------------------------------+-----
Charms         | 4 5 6 7 8 9 10 11 12 13 | 13.0
Polearms       | 6 10 14 16 17 20 21 22 24 26 | 26.0
Dodging        | 6 9 10 13 14 17 19 | 19.4
Fighting       | 5 7 8 11 12 15 16 | 16.8
Hexes          | 3 7 |  7.0
Evocations     | 3 6 9 11 | 11.4
Invocations    | 5 7 |  7.0
Armour         | |  0.6
Spellcasting   | |  2.0

Action                   |  1- 3 |  4- 6 |  7- 9 | 10-12 | 13-15 | 16-18 | 19-21 || total
-------------------------+-------+-------+-------+-------+-------+-------+-------++-------
Melee: Spear             |   102 |   281 |   674 |   670 |       |       |       ||  1727
       Dagger            |       |    12 |       |     7 |       |       |       ||    19
       Glaive            |       |       |       |   352 |   872 |   177 |       ||  1401
       Halberd           |       |       |       |       |    62 |       |       ||    62
       Bardiche          |       |       |       |       |   185 |  1352 |   624 ||  2161
       Demon trident     |       |       |       |       |   211 |    17 |       ||   228
       Tailslap          |       |       |       |       |     2 |    25 |       ||    27
 Fire: Blowgun           |       |       |       |    10 |       |       |       ||    10
Throw: Tomahawk          |       |     3 |    13 |    16 |     9 |       |       ||    41
       Javelin           |       |       |       |       |    16 |    11 |       ||    27
 Cast: Infusion          |     6 |    12 |    34 |    33 |    27 |    28 |     9 ||   149
       Song of Slaying   |     2 |     3 |     7 |    21 |    28 |    18 |     9 ||    88
       Shroud of Golubri |     1 |     2 |    18 |    21 |    30 |    45 |    17 ||   134
       Spectral Weapon   |       |       |     8 |     8 |     1 |     6 |     4 ||    27
       Regeneration      |       |       |       |       |       |     4 |     1 ||     5
       Confuse           |       |       |       |       |       |     1 |       ||     1
Evoke: Wand              |       |       |       |       |    23 |       |       ||    23
  Use: Scroll            |       |     9 |     8 |    10 |     9 |     7 |     5 ||    48
       Potion            |       |       |       |       |       |     6 |       ||     6
 Stab: Sleeping          |     2 |     3 |     3 |     3 |       |       |       ||    11
       Distracted        |       |     2 |     1 |       |       |     2 |     1 ||     6
       Petrified         |       |       |       |       |    12 |     3 |     3 ||    18
       Petrifying        |       |       |       |       |     1 |     4 |       ||     5
       Paralysed         |       |       |       |       |     4 |    12 |       ||    16
       Confused          |       |       |       |       |       |     6 |     3 ||     9
  Eat: Chunk             |     1 |    10 |    20 |    31 |    32 |    26 |     6 ||   126
       Ration            |       |     1 |     2 |     2 |     4 |     7 |     4 ||    20
Armor: Leather armour    |     8 |    83 |    85 |    48 |       |       |       ||   224
       Ring mail         |       |       |       |    58 |   199 |   299 |    75 ||   631
       Plate armour      |       |       |       |       |     1 |       |       ||     1
       Acid dragon scale |       |       |       |       |       |    39 |    25 ||    64
Dodge: Dodged            |    23 |   177 |   230 |   538 |   962 |  1529 |   511 ||  3970
